 Dungeon Crawl Stone Soup version 0.19-a0-462-g6140235 (webtiles) character file.

140 Ordine the Sneak (level 5, -2/49 HPs)
             Began as an Octopode Transmuter on June 3, 2016.
             Killed by divine providence
             ... invoked by an orc priest
              (10 damage)
             ... on level 3 of the Dungeon.
             The game lasted 00:07:38 (2191 turns).

Ordine the Sneak (Octopode Transmuter)              Turns: 2191, Time: 00:07:38

Health: -2/49      AC: 22    Str:  9    XL:     5   Next: 23%
Magic:  5/8        EV:  2    Int: 17    God:
Gold:   55         SH:  0    Dex: 12    Spells: 2 memorised, 4 levels left

rFire  . . .     SeeInvis .       - Unarmed
rCold  . . .     Gourm    .     (no shield)
rNeg   + + +     Faith    .     (helmet currently unavailable)
rPois  +         Spirit   .     (no amulet)
rElec  .         Dismiss  .     k - ring of sustain attributes
rCorr  .         Reflect  .     (no ring)
SustAt +         Harm     .     (no ring)
MR     .....     NoTele   +     (no ring)
Stlth  ++++......               (no ring)
                                (no ring)
                                (no ring)
                                (no ring)

@: tree-form, very slightly contaminated, hasted, very quick, not resistant to
hostile enchantments, stealthy
A: almost no armour, (amphibious), 8 rings, (constrict 8), (camouflage 0),
(gelatinous body 0)
a: no special abilities


You were on level 3 of the Dungeon.
You were very hungry.
You were a tree.
You visited 1 branch of the dungeon, and saw 3 of its levels.

You collected 55 gold pieces.

Inventory:

Jewellery
 k - a ring of sustain attributes (left branch)
Scrolls
 a - a scroll of teleportation
 j - 4 scrolls of remove curse
Potions
 d - a potion of curing
 g - 2 potions of lignification
Books
 b - a book of Changes

   Spells                             Type                      Level
   a - Beastly Appendage              Transmutation                1
   b - Sticks to Snakes               Transmutation                2
   c - Spider Form                    Transmutation/Poison         3
   d - Ice Form                       Ice/Transmutation            4
   e - Blade Hands                    Transmutation                5
 i - a book of Summonings

   Spells                             Type                      Level
   a - Recall                         Summoning/Translocation      3
   b - Aura of Abjuration             Summoning                    5
   c - Summon Demon                   Summoning                    5
   d - Summon Forest                  Summoning/Translocation      5
   e - Summon Mana Viper              Hexes/Summoning              5
   f - Shadow Creatures               Summoning                    6
Comestibles
 c - 3 bread rations
 f - a meat ration
 l - a beef jerky


   Skills:
 - Level 1.0 Fighting
 - Level 2.0 Dodging
 + Level 4.4 Stealth
 - Level 3.0 Unarmed Combat
 - Level 2.0 Spellcasting
 * Level 4.1 Transmutations


You had 4 spell levels left.
You knew the following spells:

 Your Spells              Type           Power        Failure   Level  Hunger
a - Spider Form           Tmut/Pois      #.........   24%         3    ###....
d - Beastly Appendage     Tmut           ###...       3%          1    #......


Dungeon Overview and Level Annotations

Branches:
Dungeon (3/15)

Altars:
Gozag


Innate Abilities, Weirdness & Mutations

You cannot wear most types of armour.
((You are amphibious.))
You can wear up to eight rings at the same time.
((You can use your tentacles to constrict eight enemies at once.))
((Your skin changes colour to match your surroundings (Stealth+).))
((Your rubbery body absorbs attacks. (AC +1)))


Message History

You cannot move.
You cannot move.
You cannot move.
You swing at nothing.
An ooze comes into view.
You swing at nothing.
The orc priest hits you from afar with a trident.
* * * LOW HITPOINT WARNING * * *
You swing at nothing.
You swing at nothing.
The orc priest hits you but does no damage.
You swing at nothing.
You swing at nothing.
The orc priest hits you from afar with a trident.
* * * LOW HITPOINT WARNING * * *
You swing at nothing.
You swing at nothing.
The orc priest calls down the wrath of Beogh upon you.
Beogh smites you!
You die...

### #.# ...
#.# #.# #.#
#.# #♣#
###)#######
#...o.[...#
#.#.#####.#
#....# #.#
#..### #<#
##.. #.#
##.. #.#
.... ####.#


You could see an orc priest.

Vanquished Creatures
  An orc wizard (D:3)
  Terence (D:3)
  A gnoll (D:3)
  A worm (D:3)
  A dart slug (D:2)
  A giant gecko (D:2)
  6 orcs (D:3)
  5 bats
  3 giant cockroaches
  10 goblins
  7 hobgoblins
  2 jackals (D:2)
  7 kobolds
  A quokka (D:2)
  A ball python (D:2)
  9 giant newts
  7 rats
64 creatures vanquished.

Notes
Turn   | Place    | Note
--------------------------------------------------------------
     0 | D:1      | Ordine the Octopode Transmuter began the quest for the Orb.
     0 | D:1      | Reached XP level 1. HP: 13/13 MP: 3/3
    77 | D:1      | Reached skill level 1 in Stealth
    78 | D:1      | disinttegration
   221 | D:1      | Reached XP level 2. HP: 18/18 MP: 5/5
   699 | D:1      | Reached XP level 3. HP: 21/23 MP: 6/6
   704 | D:1      | Learned a level 3 spell: Spider Form
  1081 | D:1      | You fall through a shaft!
  1534 | D:2      | Found an opulent altar of Gozag.
  2110 | D:2      | Reached XP level 4. HP: 26/28 MP: 7/7
  2163 | D:3      | Noticed Terence
  2175 | D:3      | Reached XP level 5. HP: 11/33 MP: 4/8
  2183 | D:3      | Killed Terence
  2191 | D:3      | Killed from afar by an orc priest

Vault maps used:
D:1:      roderic_chinese_lattice_arrival, due_unseen_surprise
D:2:      lemuel_doored_altar
D:3:      kennysheep_the_goblin_king, nicolae_overflow_hidden_temple,
          uniq_terence

Skill      XL: |  1  2  3  4  5 |
---------------+----------------+-----
Stealth        | 1 2 3 4 |  4.4
Transmutations | 3 4 |  4.1
Fighting       | |  1.0
Dodging        | |  2.0
Unarmed Combat | |  3.0
Spellcasting   | |  2.0

Action                   |  1- 3 |  4- 6 || total
-------------------------+-------+-------++-------
Melee: Unarmed           |   101 |    41 ||   142
       Tentacles         |    22 |       ||    22
       Constrict         |    23 |     2 ||    25
 Cast: Spider Form       |       |     2 ||     2
  Use: Scroll            |     6 |       ||     6
       Potion            |       |     4 ||     4
 Stab: Sleeping          |    20 |       ||    20
  Eat: Chunk             |     3 |       ||     3
Armor: Skin              |     7 |    23 ||    30
Dodge: Dodged            |    53 |    24 ||    77
